 Dungeon Crawl Stone Soup version 0.29.1-15-g9cfb28693d (webtiles) character file.

Game seed: 8443800274073712418

158 Cecky the Trooper (level 5, 0/44 HPs)
             Began as a Palentonga Abyssal Knight on Mar 31, 2023.
             Was a Priest of Lugonu.
             Slain by Grinder (4 damage)
             ... on level 3 of the Dungeon.
             The game lasted 00:06:56 (2751 turns).

Cecky the Trooper (Palentonga Abyssal Knight)       Turns: 2751, Time: 00:06:56

Health: 0/44       AC:  7    Str: 20    XL:     5   Next: 16%
Magic:  6/6        EV: 13    Int: 11    God:    Lugonu [***...]
Gold:   139        SH:  0    Dex: 10    Spells: 4/4 levels left

rFire   . . .      SeeInvis +   b - +3 dagger (venom)
rCold   . . .      Faith    .   (no shield)
rNeg    . . .      Spirit   .   m - +0 leather armour
rPois   .          Reflect  .   (no helmet)
rElec   .          Harm     .   d - +0 cloak
rCorr   .          Rampage  .   t - +0 pair of gloves
Will    .....                   (no barding)
Stlth   +.........              (no amulet)
HPRegen 0.14/turn               j - +4 ring of evasion
MPRegen 0.10/turn               (no ring)

@: no status effects
A: large, rugged brown scales 3, see invisible, deformed body, roll 1, armoured
tail
a: Rolling Charge, Renounce Religion, Depart the Abyss, Bend Space, Banish


You were on level 3 of the Dungeon.
You worshipped Lugonu.
Lugonu was most pleased with you.
You visited 1 branch of the dungeon, and saw 3 of its levels.
You visited the Abyss 1 time.

You collected 139 gold pieces.

Inventory:

Hand Weapons
 a - a +1 hand axe
 b - a +3 dagger of venom (weapon)
Missiles
 g - 5 poisoned darts
 p - 6 curare-tipped darts
Armour
 d - a +0 cloak (worn)
 m - a +0 leather armour (worn)
 s - a +0 chain mail
 t - a +0 pair of gloves (worn)
Jewellery
 j - a +4 ring of evasion (left hand)
 l - a ring of magical power
Scrolls
 c - 4 scrolls of vulnerability {unknown}
 f - a scroll of magic mapping {unknown}
 h - a scroll of identify {unknown}
 n - 2 scrolls of fog {unknown}
 o - a scroll of fear {unknown}
 r - a scroll of teleportation {unknown}
Potions
 e - a potion of haste {unknown}
 i - 2 potions of lignification {unknown}
 k - 3 potions of might {unknown}
 q - a potion of brilliance {unknown}
 u - a potion of flight {unknown}
 v - a potion of berserk rage {unknown}
 w - a potion of attraction {unknown}
 x - a potion of heal wounds {unknown}


   Skills:
 + Level 4.3 Fighting
 + Level 3.7 Axes
 + Level 2.2 Armour
 - Level 0.7 Dodging
 + Level 2.2 Invocations


You had 4 spell levels left.
You didn't know any spells.
Your spell library contained the following spells:

 Spells                   Type           Power      Damage    Failure   Level
 Dazzling Flash           Conj/Hex       0%         N/A       77%         3
 Gell's Gravitas          Tloc           0%         N/A       77%         3
 Teleport Other           Tloc           0%         N/A       77%         3
 Iskenderun's Mystic Bla  Conj/Tloc      0%         2d3       99%         4
 Dispersal                Tloc           0%         N/A       100%        6
 Starburst                Conj/Fire      0%         6d3       100%        6


Dungeon Overview and Level Annotations

Branches:
Dungeon (3/15)

Altars:

Annotations:
D:3 Grinder


Innate Abilities, Weirdness & Mutations

You are completely covered in rugged brown scales. (AC +3, +7% HP)
You have supernaturally acute eyesight. (SInv)
Armour fits poorly on your strangely shaped body.
You can roll at nearby foes to attack.
You have a long armoured tail.


Message History

Jessica casts a spell.
Jessica blinks!
Jessica mumbles something strange.
Jessica hits you with a +0 dagger.
You closely miss Jessica.
Jessica is severely wounded.
Jessica hits you with a +0 dagger.
You slash Jessica!
You kill Jessica!
Lugonu accepts your kill.
You have reached level 5!
Things that are here:
a +0 dagger; a +0 robe; the human corpse of Jessica HP restored.
You see here a +0 leather armour.
There is a broken door here.
x - a cyan potion
Found a pair of gloves.
Grinder comes into view.
Grinder blinks!
Your +3 dagger of venom begins to drip with poison!
b - a +3 dagger of venom (weapon)
Grinder hits you.
You writhe in agony.
You hit Grinder but do no damage.
Grinder is poisoned.
Grinder gestures at you. Pain shoots through your body!
You hit Grinder but do no damage.
Grinder looks as sick as possible!
Grinder hits you.
You writhe in agony.
You hit Grinder.
Grinder is moderately wounded.
Grinder hits you.
You writhe in agony.
You hit Grinder.
Your tail-slap misses Grinder.
Grinder is moderately wounded.
Grinder gestures at you. Pain shoots through your body!
* * * LOW HITPOINT WARNING * * *
You hit Grinder but do no damage.
Grinder is heavily wounded.
Grinder hits you.
You die...

#.#.. ..... # #........
#.#.####.##.# #........
..#.#..<....# #.[......
..#)####.#..# #........
.........#..########........
...####..#..................
...## ...#............######
....##.#.#............#
..#....#.#......@.....#
..#...>#.#.....5......#
..#.####.#............#
..#.# .#.......:....# ..#.#
############## ###


You could see Grinder (very poisoned).

Vanquished Creatures
  A scorpion (D:2)
  Jessica (D:3)
  4 adders
  A dart slug (D:2)
  An orc (D:2)
  3 endoplasms
  2 giant cockroaches (D:2)
  4 goblins
  3 hobgoblins (D:1)
  5 kobolds
  4 ball pythons
  5 bats
  4 frilled lizards
  5 rats
43 creatures vanquished.

Vanquished Creatures (others)
  A fungus (D:1)
  A plant (D:1)
2 creatures vanquished.

Grand Total: 45 creatures vanquished

Notes
Turn   | Place    | Note
-------+----------+-------------------------------------------
     0 | Abyss:1  | Cecky the Palentonga Abyssal Knight began the quest for the
                  | Orb.
     0 | Abyss:1  | Reached XP level 1. HP: 19/19 MP: 2/2
     1 | D:1      | Escaped the Abyss
   539 | D:1      | Reached XP level 2. HP: 25/25 MP: 3/3
   761 | D:1      | Found a faded altar of an unknown god.
  1106 | D:2      | Reached *** piety under Lugonu
  1126 | D:2      | Reached XP level 3. HP: 30/32 MP: 4/4
  1496 | D:2      | Noticed a scorpion
  1508 | D:2      | Killed a scorpion
  1509 | D:2      | Reached skill level 4 in Fighting
  1509 | D:2      | Reached XP level 4. HP: 27/39 MP: 5/5
  2317 | D:3      | Noticed Jessica
  2348 | D:3      | HP: 1/39 [Jessica/nerve-wracking pain (8)]
  2646 | D:3      | Killed Jessica
  2647 | D:3      | Reached XP level 5. HP: 38/44 MP: 6/6
  2744 | D:3      | Noticed Grinder
  2751 | D:3      | Slain by Grinder

Illustrated notes

Levels and vault maps discovered:
D:1:      lemuel_arrival_cross, layout_basic,
          shapermc_ecumenical_altar_mp_ritualfount
D:2:      layout_basic
D:3:      layout_basic, uniq_grinder, uniq_jessica

Skill      XL: |  1  2  3 |
---------------+----------+-----
Fighting       | 4 |  4.3
Axes           | 3 |  3.7
Armour         | 2 |  2.2
Dodging        | |  0.7
Invocations    | |  2.2

Action                   |  1- 3 |  4- 6 || total
-------------------------+-------+-------++-------
Melee: Hand axe          |    92 |    45 ||   137
       Tailslap          |     6 |     2 ||     8
       Dagger            |       |     5 ||     5
Invok: Bend Space        |       |     2 ||     2
 Abil: Rolling Charge    |     1 |       ||     1
Armor: Leather armour    |    27 |    15 ||    42
Dodge: Dodged            |    51 |    45 ||    96
